 Dungeon Crawl Stone Soup version 0.17.0-28-g6e173f8 (webtiles) character file.

1516 HandofTrog the Fighter (level 8, -13/88 HPs)
             Began as a Troll Monk on Dec 2, 2015.
             Was a Believer of Okawaru.
             Mangled by an orc warrior
             ... wielding a +1 short sword of venom
              (16 damage)
             ... on level 6 of the Dungeon.
             The game lasted 00:14:01 (4780 turns).

HandofTrog the Fighter (Troll Monk)                 Turns: 4780, Time: 00:14:01

Health: -13/88     AC:  6    Str: 22    XL:     8   Next: 54%
Magic:  14/16      EV: 13    Int:  6    God:    Okawaru [**....]
Gold:   359        SH:  0    Dex: 12    Spells: 0 memorised, 7 levels left

rFire  . . .     SeeInvis +       - Unarmed
rCold  + . .     Clarity  +     y - +1 robe {rC+}
rNeg   . . .     SustAt   .     (no shield)
rPois  .         Gourm    +     (helmet restricted)
rElec  .         Spirit   .     (no cloak)
rCorr  .         Warding  .     (gloves unavailable)
rMut   .         Stasis   .     (boots unavailable)
MR     .....                    E - amulet of clarity
Stlth  ++........               t - ring of see invisible
                                r - ring of magical power

@: lethally poisoned (-13 -> -22), heroism, not resistant to hostile
enchantments, unstealthy
A: unfitting armour, claws 3, fast metabolism 3, gourmand, regeneration 2,
shaggy fur 1, tough skin 2
a: Heroism, Renounce Religion


You were on level 6 of the Dungeon.
You worshipped Okawaru.
Okawaru was pleased with you.
You were not hungry.

You visited 2 branches of the dungeon, and saw 7 of its levels.

You collected 359 gold pieces.

Inventory:

Missiles
 n - 11 tomahawks (quivered)
 C - 7 javelins
Armour
 a - a +0 robe
 y - a +1 robe of cold resistance (worn)
 z - a troll hide
Magical Staves
 D - an uncursed staff of poison {unknown}
Jewellery
 r - a ring of magical power (left claw)
 t - a ring of see invisible (right claw)
 E - an amulet of clarity (around neck)
 F - the ring of Scepticism {+Blink rPois Int+2 Dex+4, unknown}
   (You found it on level 6 of the Dungeon)

   [ring of poison resistance]

   It affects your intelligence (+2).
   It affects your dexterity (+4).
   It protects you from poison.
   It lets you blink.
Wands
 p - a wand of teleportation (5)
Scrolls
 c - 3 scrolls of blinking {unknown}
 e - 5 scrolls of noise {unknown}
 g - 2 scrolls of recharging {unknown}
 i - 3 scrolls of amnesia {unknown}
 j - 8 scrolls of identify {unknown}
 l - 2 scrolls of enchant armour {unknown}
 o - a scroll of random uselessness {unknown}
 q - 3 scrolls of teleportation {unknown}
 s - 3 scrolls of remove curse {unknown}
 w - 2 scrolls of enchant weapon {unknown}
 x - 2 scrolls of fog {unknown}
 G - a scroll of torment {unknown}
 H - a scroll of vulnerability {unknown}
Potions
 k - 2 potions of curing
 m - a potion of flight {unknown}
 u - a potion of lignification {unknown}
 v - 2 potions of resistance {unknown}
 A - 2 potions of degeneration {unknown}
 B - a potion of poison {unknown}
 I - a potion of haste {unknown}
Comestibles
 b - 4 bread rations
 d - 5 beef jerkies
 f - 2 meat rations


   Skills:
 - Level 8.2(13.2) Fighting
 - Level 2.4(7.4) Dodging
 - Level 1.1(6.1) Stealth
 + Level 6.7(11.7) Unarmed Combat


You had 7 spell levels left.
You didn't know any spells.

Dungeon Overview and Level Annotations

Branches:
Dungeon (6/15)             Temple (1/1) D:5

Altars:
Ashenzari
Cheibriados
Dithmenos
Elyvilon
Fedhas
Gozag
Kikubaaqudgha
Makhleb
Nemelex Xobeh
Okawaru
Qazlal
Ru
Sif Muna
Trog
Vehumet
Xom
Zin
The Shining One


Innate Abilities, Weirdness & Mutations

You are too large for most types of armour.
You have claws for hands.
Your metabolism is lightning-fast.
You like to eat raw meat.
You heal very quickly.
You are covered in fur (AC +1).
You have very tough skin (AC +2).


Message History

The orc warrior hits you with a short sword of venom.
* * * LOW HITPOINT WARNING * * *
You are more poisoned.
You barely miss the orc warrior.
The orc warrior is heavily wounded.
You feel sick.
The orc warrior hits you with a short sword of venom.
* * * LOW HITPOINT WARNING * * *
You scratch the orc warrior.
The orc warrior is severely wounded.
You feel sick.
The orc warrior hits you with a short sword of venom!
* * * LOW HITPOINT WARNING * * *
You are more poisoned.
You gain the combat prowess of a mighty hero.
You feel slightly more hungry.
* * * LOW HITPOINT WARNING * * *
You feel sick.
The orc warrior hits you with a short sword of venom!
You die...

##'## ##...########
##.....##.....
##.......#.####
##..........###.
#'.............. +##
####'.........###.
#...#..)#.......#.# #.
#$>.#@o.##.....##.....
#...#...###...## ####.
### ##### #+## #. #.
... #. # #.>.# #.
#...# ####+


You could see an orc warrior.

Vanquished Creatures
  The ghost of Yermak the Covert, an amateur OpAs of Xom (D:5)
  Duvessa (D:4)
  A phantom (D:4)
  An ice beast (D:5)
  A sky beast (D:6)
  An orc warrior (D:6)
  An ogre (D:5)
  Dowan (D:4)
  A scorpion (D:4)
  3 wights (D:6)
  A crimson imp (D:5)
  A hound (D:5)
  A centaur zombie (D:6)
  A centaur skeleton (D:6)
  A jelly (D:5)
  A giant frog skeleton (D:5)
  3 orc priests (D:4)
  4 orc wizards
  2 worker ants
  9 adders
  3 gnolls (D:5)
  3 worms (D:2)
  3 giant geckos
  13 orcs
  7 bats
  4 giant cockroaches
  6 goblins
  4 hobgoblins
  7 jackals
  4 kobolds
  A ball python (D:1)
  7 giant newts
  2 quokkas
  9 rats
109 creatures vanquished.

Vanquished Creatures (others)
  A giant cockroach (D:2)
  A hobgoblin (D:2)
2 creatures vanquished.

Grand Total: 111 creatures vanquished

Notes
Turn   | Place    | Note
--------------------------------------------------------------
     0 | D:1      | HandofTrog the Troll Monk began the quest for the Orb.
     0 | D:1      | Reached XP level 1. HP: 22/22 MP: 0/0
   181 | D:1      | Reached XP level 2. HP: 29/29 MP: 1/1
   649 | D:2      | Found a radiant altar of Vehumet.
   709 | D:2      | Reached XP level 3. HP: 37/37 MP: 2/2
   889 | D:2      | Found a stormy altar of Qazlal.
   891 | D:2      | Noticed an air elemental
   892 | D:2      | Noticed a water elemental
   892 | D:2      | Noticed an earth elemental
   892 | D:2      | Noticed a fire elemental
   950 | D:2      | Found a shimmering altar of Xom.
  1403 | D:2      | Reached XP level 4. HP: 48/48 MP: 3/3
  2184 | D:4      | Noticed Duvessa
  2187 | D:4      | Noticed Dowan
  2200 | D:4      | Killed Duvessa
  2200 | D:4      | Reached skill level 5 in Fighting
  2200 | D:4      | Reached XP level 5. HP: 37/57 MP: 4/4
  2217 | D:4      | Killed Dowan
  2217 | D:4      | Reached XP level 6. HP: 23/67 MP: 5/5
  2266 | D:4      | Noticed a phantom
  2291 | D:4      | Killed a phantom
  2291 | D:4      | Reached skill level 6 in Fighting
  2607 | D:4      | Reached XP level 7. HP: 70/76 MP: 6/6
  2971 | D:5      | Entered Level 5 of the Dungeon
  2974 | D:5      | Reached skill level 7 in Fighting
  3068 | D:5      | Noticed Yermak's ghost (amateur OpAs)
  3079 | D:5      | Killed Yermak's ghost
  3096 | D:5      | Found a staircase to the Ecumenical Temple.
  3115 | Temple   | Entered the Ecumenical Temple
  3517 | D:5      | Reached skill level 8 in Fighting
  3608 | D:5      | Reached XP level 8. HP: 88/88 MP: 7/7
  3789 | D:5      | Found a glowing silver altar of Zin.
  4001 | D:6      | Reached skill level 5 in Unarmed Combat
  4159 | D:6      | Found a blossoming altar of Fedhas.
  4161 | D:6      | Found an iron altar of Okawaru.
  4175 | D:6      | Became a worshipper of Warmaster Okawaru
  4175 | D:6      | Reached * piety under Okawaru
  4175 | D:6      | Reached ** piety under Okawaru
  4211 | D:6      | Got a pitted bronze ring
  4655 | D:6      | Found a shattered altar of Ashenzari.
  4780 | D:6      | HP: 3/88 [poisoned by an orc warrior]
  4780 | D:6      | Mangled by an orc warrior

Action                   |  1- 3 |  4- 6 |  7- 9 || total
-------------------------+-------+-------+-------++-------
Melee: Unarmed           |    85 |   105 |   182 ||   372
Throw: Tomahawk          |     1 |     6 |       ||     7
Invok: Heroism           |       |       |     1 ||     1
  Use: Potion            |       |       |     4 ||     4
 Stab: Sleeping          |     6 |     1 |     3 ||    10
  Eat: Chunk             |    12 |    13 |    18 ||    43
